3AA
SALEM MISFITS @ SAN BERNARDINO GRASSHOPPERS
09/23/2024
 
TOP OF THE 1ST
Salem Misfits batting - Pitching for San Bernardino Grasshoppers : LHP Glen Holland
Pitching: LHP Glen Holland
Batting: RHB Jesús Cisneros 0-0: Ball
1-0: Ground out 6-3 (Groundball, 6)
Batting: RHB Raúl Reyna 0-0: Bunt missed!
0-1: Ball
1-1: Fly out, F8 (Flyball, 8LM)
Batting: SHB Fernando Sánchez 0-0: Swinging Strike
0-1: Foul Ball, location: 2F
0-2: Ball
1-2: Strikes out swinging
Top of the 1st over - 0 run(s), 0 hit(s), 0 error(s), 0 left on base; Salem 0 - San Bernardino 0
BOTTOM OF THE 1ST
San Bernardino Grasshoppers batting - Pitching for Salem Misfits : RHP Kenny Koehler
Pitching: RHP Kenny Koehler
Batting: RHB Steve Jones 0-0: Called Strike
0-1: Ball
1-1: Ball
2-1: Ball
3-1: Base on Balls
Batting: RHB José Paz 0-0: Called Strike
0-1: Swinging Strike
0-2: Fielders Choice at 2nd, 6-4 (Groundball, 6)
Batting: RHB Alonso Rivera 0-0: Swinging Strike
0-1: 2-RUN HOME RUN (Flyball, 7D), Distance : 403 ft
Batting: LHB Natale Langushi 0-0: DOUBLE (Flyball, 89XD)
Batting: RHB Brandon Cole 0-0: Ground out 5-3 (Groundball, 56)
Batting: RHB Manny Cervantes 0-0: Called Strike
0-1: Foul Ball, location: 2F
0-2: Fly out, F6 (Popup, 56D)
Bottom of the 1st over - 2 run(s), 2 hit(s), 0 error(s), 1 left on base; Salem 0 - San Bernardino 2
TOP OF THE 2ND
Salem Misfits batting - Pitching for San Bernardino Grasshoppers : LHP Glen Holland
Batting: LHB José Corona 0-0: Fly out, F6 (Popup, 6)
Batting: SHB Salvador Trevino 0-0: Called Strike
0-1: Ball
1-1: Ball
2-1: Called Strike
2-2: Foul Ball, location: 2F
2-2: Ball
3-2: Foul Ball, location: 2F
3-2: Ground out 4-3 (Groundball, 4M)
Batting: RHB Ernesto Souza 0-0: Ball
1-0: Ground out 6-3 (Groundball, 6M)
Top of the 2nd over - 0 run(s), 0 hit(s), 0 error(s), 0 left on base; Salem 0 - San Bernardino 2
BOTTOM OF THE 2ND
San Bernardino Grasshoppers batting - Pitching for Salem Misfits : RHP Kenny Koehler
Batting: RHB Manuel Rivera 0-0: Ball
1-0: Foul Ball, location: 2F
1-1: Ball
2-1: Foul Ball, location: 2F
2-2: SINGLE (Line Drive, 56)
Batting: SHB Noel King 0-0: Called Strike
0-1: Ball
1-1: Foul Ball, location: 2F
1-2: Ball
2-2: Fly out, F8 (Flyball, 8LM)
Batting: RHB Parker Smith 0-0: Called Strike
0-1: Ball
1-1: Foul Ball, location: 2F
1-2: Ball
2-2: Fly out, F8 (Line Drive, 8LD)
Batting: RHB Steve Jones 0-0: Called Strike
0-1: Ball
1-1: Ball
2-1: DOUBLE (Line Drive, 9LM)
Manuel Rivera to third
Batting: RHB José Paz 0-0: Ball
1-0: Ball
2-0: Ball
3-0: Called Strike
3-1: Base on Balls
Batting: RHB Alonso Rivera 0-0: Foul Ball, location: 2F
0-1: Ground out 5-3 (Groundball, 56)
Bottom of the 2nd over - 0 run(s), 2 hit(s), 0 error(s), 3 left on base; Salem 0 - San Bernardino 2
TOP OF THE 3RD
Salem Misfits batting - Pitching for San Bernardino Grasshoppers : LHP Glen Holland
Batting: LHB Brent van Schoonhoven 0-0: Ball
1-0: Foul Ball, location: 2F
1-1: Swinging Strike
1-2: Ground out 3-1 (Groundball, 3L)
Batting: RHB Héctor Cantú 0-0: Swinging Strike
0-1: Foul Ball, location: 2F
0-2: Strikes out swinging
Batting: RHB Ramón Ávila 0-0: Foul Ball, location: 2F
0-1: Ball
1-1: Foul Ball, location: 2F
1-2: Foul Ball, location: 2F
1-2: Strikes out swinging
Top of the 3rd over - 0 run(s), 0 hit(s), 0 error(s), 0 left on base; Salem 0 - San Bernardino 2
BOTTOM OF THE 3RD
San Bernardino Grasshoppers batting - Pitching for Salem Misfits : RHP Kenny Koehler
Batting: LHB Natale Langushi 0-0: Foul Ball, location: 2F
0-1: Ball
1-1: Foul Ball, location: 2F
1-2: Strikes out swinging
Batting: RHB Brandon Cole 0-0: Swinging Strike
0-1: Swinging Strike
0-2: Ball
1-2: Foul Ball, location: 2F
1-2: Ball
2-2: Foul Ball, location: 2F
2-2: Ball
3-2: Strikes out swinging
Batting: RHB Manny Cervantes 0-0: Called Strike
0-1: Called Strike
0-2: Ball
1-2: Ball
2-2: Ball
3-2: Base on Balls
Batting: RHB Manuel Rivera 0-0: Foul Ball, location: 2F
0-1: Ball
Manny Cervantes is caught stealing 2nd base
Bottom of the 3rd over - 0 run(s), 0 hit(s), 0 error(s), 0 left on base; Salem 0 - San Bernardino 2
TOP OF THE 4TH
Salem Misfits batting - Pitching for San Bernardino Grasshoppers : LHP Glen Holland
Batting: RHB Jesús Cisneros 0-0: Ball
1-0: Ball
2-0: Fly out, F4 (Popup, 4D)
Batting: RHB Raúl Reyna 0-0: Swinging Strike
0-1: SINGLE (Groundball, 6)
Batting: SHB Fernando Sánchez 0-0: Ball
1-0: Called Strike
1-1: Ball
2-1: Called Strike
2-2: Strikes out swinging
Batting: LHB José Corona 0-0: Foul Ball, location: 2F
0-1: Ball
1-1: Ball
2-1: Called Strike
2-2: Strikes out swinging
Top of the 4th over - 0 run(s), 1 hit(s), 0 error(s), 1 left on base; Salem 0 - San Bernardino 2
BOTTOM OF THE 4TH
San Bernardino Grasshoppers batting - Pitching for Salem Misfits : RHP Kenny Koehler
Batting: RHB Manuel Rivera 0-0: SINGLE (Line Drive, 78S)
Batting: SHB Noel King 0-0: Ball
1-0: Ground out 5-3 (Groundball, 56S)
Manuel Rivera to second
Batting: RHB Parker Smith 0-0: DOUBLE (Line Drive, 8LXD)
Manuel Rivera scores
Batting: RHB Steve Jones 0-0: Ball
1-0: Swinging Strike
1-1: Swinging Strike
1-2: Strikes out swinging
Batting: RHB José Paz 0-0: Called Strike
0-1: Ball
1-1: Ground out 5-3 (Groundball, 5S)
Bottom of the 4th over - 1 run(s), 2 hit(s), 0 error(s), 1 left on base; Salem 0 - San Bernardino 3
TOP OF THE 5TH
Salem Misfits batting - Pitching for San Bernardino Grasshoppers : LHP Glen Holland
Batting: SHB Salvador Trevino 0-0: Ball
1-0: Ball
2-0: Called Strike
2-1: Fly out, F8 (Flyball, 8RM)
Batting: RHB Ernesto Souza 0-0: Called Strike
0-1: Called Strike
0-2: Foul Ball, location: 2F
0-2: Ball
1-2: Ball
2-2: Foul Ball, location: 2F
2-2: Ground out 5-3 (Groundball, 5)
Batting: LHB Brent van Schoonhoven 0-0: Ground out 6-3 (Groundball, 6M)
Top of the 5th over - 0 run(s), 0 hit(s), 0 error(s), 0 left on base; Salem 0 - San Bernardino 3
BOTTOM OF THE 5TH
San Bernardino Grasshoppers batting - Pitching for Salem Misfits : RHP Kenny Koehler
Batting: RHB Alonso Rivera 0-0: Foul Ball, location: 2F
0-1: Foul Ball, location: 2F
0-2: Foul Ball, location: 2F
0-2: Ball
1-2: SINGLE (Groundball, 56)
Batting: LHB Natale Langushi 0-0: Ball
1-0: Grounds into double play, 4-6-3 (Groundball, 4)
Batting: RHB Brandon Cole 0-0: Called Strike
0-1: Hit by Pitch
Batting: RHB Manny Cervantes 0-0: Swinging Strike
0-1: Swinging Strike
0-2: Ball
1-2: Ball
2-2: Ground out 5-3 (Groundball, 56)
Bottom of the 5th over - 0 run(s), 1 hit(s), 0 error(s), 1 left on base; Salem 0 - San Bernardino 3
TOP OF THE 6TH
Salem Misfits batting - Pitching for San Bernardino Grasshoppers : LHP Glen Holland
Batting: RHB Héctor Cantú 0-0: Called Strike
0-1: Foul Ball, location: 2F
0-2: Strikes out swinging
Batting: RHB Ramón Ávila 0-0: Called Strike
0-1: Swinging Strike
0-2: Strikes out swinging
Batting: RHB Jesús Cisneros 0-0: Swinging Strike
0-1: Foul Ball, location: 2F
0-2: Ball
1-2: Fly out, F9 (Flyball, 89M)
Top of the 6th over - 0 run(s), 0 hit(s), 0 error(s), 0 left on base; Salem 0 - San Bernardino 3
BOTTOM OF THE 6TH
San Bernardino Grasshoppers batting - Pitching for Salem Misfits : RHP Kenny Koehler
Batting: RHB Manuel Rivera 0-0: Ball
1-0: DOUBLE (Groundball, 5L)
Batting: SHB Noel King 0-0: Foul Ball, location: 2F
0-1: SINGLE (Groundball, 56D)
Manuel Rivera to third
Batting: RHB Parker Smith 0-0: Called Strike
0-1: Fly out, F9 (Flyball, 89M)
Runner from 3rd tags up, SCORES, throw made
Batting: RHB Steve Jones 0-0: Ball
1-0: Ball
2-0: Ball
3-0: Base on Balls
Noel King to second
Pitching: RHP Elmer García
Batting: RHB José Paz 0-0: Ball
1-0: Ball
2-0: Ball
3-0: Base on Balls
Noel King to third
Steve Jones to second
Batting: RHB Alonso Rivera 0-0: Ball
1-0: Ball
2-0: Ball
3-0: Called Strike
3-1: Fielders Choice at 2nd, 6-4 (Groundball, 6)
Noel King scores
Steve Jones to third
Batting: LHB Natale Langushi 0-0: Called Strike
0-1: Called Strike
0-2: Ball
1-2: Foul Ball, location: 2F
1-2: Ball
2-2: Foul Ball, location: 2F
2-2: Ball
3-2: Base on Balls
Alonso Rivera to second
Batting: RHB Brandon Cole 0-0: Ball
1-0: Ball
2-0: Ball
3-0: Base on Balls
Steve Jones scores
Alonso Rivera to third
Natale Langushi to second
Batting: RHB Manny Cervantes 0-0: Foul Ball, location: 2F
0-1: Ball
1-1: Ball
2-1: Swinging Strike
2-2: Strikes out swinging
Bottom of the 6th over - 3 run(s), 2 hit(s), 0 error(s), 3 left on base; Salem 0 - San Bernardino 6
TOP OF THE 7TH
Salem Misfits batting - Pitching for San Bernardino Grasshoppers : LHP Glen Holland
Batting: RHB Raúl Reyna 0-0: SINGLE (Line Drive, 6M)
Batting: SHB Fernando Sánchez 0-0: Ball
1-0: Ball
2-0: Called Strike
Raúl Reyna is caught stealing 2nd base
2-1: Foul Ball, location: 2F
2-2: Fly out, F3 (Popup, 3DF)
Batting: LHB José Corona 0-0: Ball
1-0: Called Strike
1-1: Foul Ball, location: 2F
1-2: Foul Ball, location: 2F
1-2: Foul Ball, location: 2F
1-2: Ball
2-2: Fly out, F7 (Flyball, 78M)
Top of the 7th over - 0 run(s), 1 hit(s), 0 error(s), 0 left on base; Salem 0 - San Bernardino 6
BOTTOM OF THE 7TH
San Bernardino Grasshoppers batting - Pitching for Salem Misfits : RHP Elmer García
Batting: RHB Manuel Rivera 0-0: Ball
1-0: Ball
2-0: Foul Ball, location: 2F
2-1: Foul Ball, location: 2F
2-2: Strikes out swinging
Batting: SHB Noel King 0-0: Ball
1-0: Swinging Strike
1-1: Ball
2-1: Fly out, F8 (Flyball, 8LD)
Batting: RHB Parker Smith 0-0: Ball
1-0: Ball
2-0: Ground out 4-3 (Groundball, 4)
Bottom of the 7th over - 0 run(s), 0 hit(s), 0 error(s), 0 left on base; Salem 0 - San Bernardino 6
TOP OF THE 8TH
Salem Misfits batting - Pitching for San Bernardino Grasshoppers : LHP Glen Holland
Now at SS: Dale O'Sullivan
Batting: SHB Salvador Trevino 0-0: Fly out, F8 (Flyball, 8RD)
Batting: RHB Ernesto Souza 0-0: Ball
1-0: Called Strike
1-1: Ball
2-1: Foul Ball, location: 2F
2-2: Strikes out looking
Batting: LHB Brent van Schoonhoven 0-0: Ball
1-0: Foul Ball, location: 2F
1-1: Ball
2-1: SINGLE (Groundball, 23) (infield hit)
Batting: RHB Héctor Cantú 0-0: Called Strike
0-1: Ball
1-1: Swinging Strike
1-2: Strikes out swinging
Top of the 8th over - 0 run(s), 1 hit(s), 0 error(s), 1 left on base; Salem 0 - San Bernardino 6
BOTTOM OF THE 8TH
San Bernardino Grasshoppers batting - Pitching for Salem Misfits : RHP Elmer García
Batting: RHB Steve Jones 0-0: Ball
1-0: Ball
2-0: Called Strike
2-1: Fly out, F5 (Popup, 5F)
Batting: RHB José Paz 0-0: Ball
1-0: Called Strike
1-1: SINGLE (Groundball, 15) (infield hit)
Batting: RHB Alonso Rivera 0-0: Ball
1-0: Ball
2-0: Grounds into double play, 6-4-3 (Groundball, 6)
Bottom of the 8th over - 0 run(s), 1 hit(s), 0 error(s), 0 left on base; Salem 0 - San Bernardino 6
TOP OF THE 9TH
Salem Misfits batting - Pitching for San Bernardino Grasshoppers : LHP Glen Holland
Now at C: Bradley Rowe
Batting: RHB Ramón Ávila 0-0: Called Strike
0-1: Swinging Strike
0-2: Strikes out swinging
Batting: RHB Jesús Cisneros 0-0: Called Strike
0-1: Foul Ball, location: 2F
0-2: SINGLE (Groundball, 5) (infield hit)
Batting: RHB Raúl Reyna 0-0: Ball
1-0: SINGLE (Line Drive, 6D)
Jesús Cisneros to second
Batting: SHB Fernando Sánchez 0-0: Ball
1-0: Fly out, F9 (Flyball, 89D)
Runner from 2nd tags up, SAFE at 3rd, no throw
Pitching: RHP Pablo Vargas
Batting: LHB José Corona 0-0: Foul Ball, location: 2F
0-1: Foul Ball, location: 2F
0-2: Foul Ball, location: 2F
0-2: Ball
1-2: Strikes out swinging
Top of the 9th over - 0 run(s), 2 hit(s), 0 error(s), 2 left on base; Salem 0 - San Bernardino 6
This league is powered by Out of the Park Baseball, the baseball management simulation game for PC, Mac and Linux
Monday, October 3rd, 2016 - OOTP Baseball 16.9 Build 39